 Dungeon Crawl Stone Soup version 0.31-a0-1068-g5939ac1fb6 (webtiles) character file.

Game seed: 9265232753032261483

1 Moodymarshmallow the Chiller (level 1, 14/14 HPs)
             Began as a Hill Orc Ice Elementalist on Nov 23, 2023.
             Got out of the dungeon alive.
             The game lasted 00:02:57 (209 turns).

Moodymarshmallow the Chiller (HOIE)                  Turns: 209, Time: 00:02:58

Health: 14/14      AC:  0    Str: 10    XL:     1   Next: 20%
Magic:  3/3        EV: 12    Int: 15    God:
Gold:   0          SH:  0    Dex: 11    Spells: 2/3 levels left

rFire   . . .        (no weapon)
rCold   . . .        (no shield)
rNeg    . . .        (no body armour)
rPois   .            (no helmet)
rElec   .            (no cloak)
rCorr   .            (no gloves)
SInv    .            (no boots)
Will    .....        (no amulet)
Stlth   ++           (no ring)
HPRegen 0.22/turn    (no ring)
MPRegen 0.08/turn

%: no passive effects
@: no status effects
A: no striking features
a: no special abilities


You escaped.
You visited 1 branch of the dungeon, and saw 1 of its levels.

Inventory:

Armour
 a - a +0 robe
 c - a +0 ring mail
Potions
 b - a potion of magic


   Skills:
 + Level 1.5 Dodging
 + Level 1.5 Stealth
 + Level 1.5 Spellcasting
 + Level 3.6 Ice Magic


You had 2 spell levels left.
You knew the following spells:

 Your Spells              Type           Power      Damage    Failure   Level
a - Freeze                Ice            48%        1d6       5%          1

Your spell library contained the following spells:

 Spells                   Type           Power      Damage    Failure   Level
 Frozen Ramparts          Ice            24%        1d4       16%         3
 Ozocubu's Armour         Ice            12%        N/A       16%         3
 Summon Ice Beast         Ice/Summ       6%         N/A       73%         4


Dungeon Overview and Level Annotations

Branches:
Dungeon (1/15)

Altars:


Message History

The goblin shouts!
The goblin hits you with a +0 dagger. The goblin attacks as it pursues you!
The goblin hits you but does no damage.
You open the door. The goblin hits you but does no damage.
There is an open door here.
The goblin hits you with a +0 dagger.
You stop removing your armour.
The goblin attacks as it pursues you! The goblin hits you but does no damage.
The goblin misses you. The goblin closely misses you.
The goblin closely misses you. As you open the door, it creaks loudly!
The goblin hits you with a +0 dagger. The goblin misses you.
There is an open door here.
The goblin attacks as it pursues you! The goblin hits you but does no damage.
The goblin closely misses you. The goblin attacks as it pursues you!
The goblin barely misses you.
Unknown command.
You freeze the goblin.
You kill the goblin!
You see here a +0 dagger.
Unknown command.
Press: ? - help, v - describe, . - travel, g - get item Item here: a +0 dagger.
The floor.
You start removing your armour.
You continue taking off your +0 ring mail. x4
You finish taking off your +0 ring mail.
You aren't wearing anything.
You aren't wearing anything.
Attack: -) Nothing wielded
Press: ? - help, Dir - move target
Okay, then.
You are not religious.
You are not religious.
Unknown command.
Unknown command.
There is a staircase leading out of the dungeon here.
Magic restored.
You have escaped!

######### ####### #.......#
#...... #.################
#.##### ##..'...~≈≈≈≈...'.#
#.#
##..###..#####..##.###.####
#....#..♣♣P@P♣♣..#........##
##..###..♣♣.♣♣..######......
#..##♣.........♣ #..#.##
#...#♣.♣.~~~.♣.♣ #..#.#
#...#♣..~~8~~..♣ #......
#.###♣.♣.~~~.♣)♣ ##.###. #.#
♣.........♣ .# . #.#
##..♣♣.♣♣..## ..
#.###..♣♣P>P♣♣..# ...


There were no monsters in sight!

Vanquished Creatures
  A goblin (D:1)
1 creature vanquished.

Notes
Turn   | Place    | Note
-------+----------+-------------------------------------------
     0 | D:1      | Moodymarshmallow the Hill Orc Ice Elementalist began the
                  | quest for the Orb.
     0 | D:1      | Reached XP level 1. HP: 14/14 MP: 3/3
   209 | D:$      | Got out of the dungeon alive.

Illustrated notes

Levels and vault maps discovered:
D:1:      tarquinn_simple_flora_water_b, layout_loops_corners

Action                     || total
---------------------------++-------
   Cast: Freeze            ||     1
 Armour: Ring mail         ||     7
  Dodge: Dodged            ||     6

Table legend: (Time is in decaauts)
 A = Elapsed time spent in this place.
 B = Non-inter-level travel time spent in this place.
 C = Inter-level travel time spent in this place.
 D = Time resting spent in this place.
 E = Time spent auto-exploring this place.
 F = Levels seen in this place.
 G = Mean time per level.
                   A        B        C        D        E       F      G
               +--------+--------+--------+--------+--------+-----+--------+
         Total |    210 |    167 |     43 |      0 |     89 |   1 |  210.0 |
       Dungeon |    210 |    167 |     43 |      0 |     89 |   1 |  210.0 |
               +--------+--------+--------+--------+--------+-----+--------+

Top non-repeatable levels by time:
     D:1: 210 daAuts
